 Dungeon Crawl Stone Soup version 0.20.0-15-g7f486f2 (webtiles) character file.

253 Eonwe the Slasher (level 5, -14/47 HPs)
             Began as a Minotaur Abyssal Knight on June 24, 2017.
             Was a Believer of Lugonu.
             Killed from afar by Dowan (25 damage)
             ... with a shard of ice
             ... on level 4 of the Dungeon.
             The game lasted 00:07:38 (3025 turns).

Eonwe the Slasher (Minotaur Abyssal Knight)         Turns: 3025, Time: 00:07:39

Health: -14/47     AC:  5    Str: 18    XL:     5   Next: 90%
Magic:  5/5        EV:  6    Int:  9    God:    Lugonu [**....]
Gold:   160        SH: 13    Dex: 13    Spells: 4/4 levels left

rFire    + . .     SeeInvis .   a - +1 falchion
rCold    . . .     Gourm    .   m - +2 large shield of Xiges {Dex+4 Slay+2}
rNeg     . . .     Faith    .   k - +2 leather armour {rF+}
rPois    .         Spirit   .   (helmet restricted)
rElec    .         Reflect  .   (no cloak)
rCorr    .         Harm     .   (no gloves)
MR       .....                  (no boots)
Stlth    +.........             (no amulet)
Regen    0.2/turn               (no ring)
MPRegen  0.1/turn               (no ring)

@: berserk cooldown, slowed, very slow
A: retaliatory headbutt, horns 2
a: Depart the Abyss, Bend Space, Renounce Religion


You were on level 4 of the Dungeon.
You worshipped Lugonu.
Lugonu was pleased with you.
You were hungry.

You visited 1 branch of the dungeon, and saw 4 of its levels.
You visited the Abyss 1 time.

You collected 160 gold pieces.

Inventory:

Hand Weapons
 a - a +1 falchion (weapon)
 j - a +0 long sword
Armour
 b - a +1 leather armour
 k - a +2 leather armour of fire resistance (worn)
 m - the +2 large shield of Xiges (worn) {Dex+4 Slay+2}
   (You found it on level 4 of the Dungeon)

   It affects your dexterity (+4).
   It affects your accuracy and damage with ranged weapons and melee attacks
   (+2).
Scrolls
 e - a scroll of remove curse
 n - a scroll of enchant armour
 t - a scroll of fog {unknown}
 u - a scroll of identify
Potions
 d - a potion of brilliance
 f - 3 potions of curing {unknown}
 i - a potion of heal wounds
 l - a potion of magic {unknown}
 o - a potion of resistance {unknown}
 q - a potion of cancellation {unknown}
 r - a potion of invisibility {unknown}
Books
 h - a book of Minor Magic

   Spells                             Type                      Level
   a - Magic Dart                     Conjuration                  1
   b - Blink                          Translocation                2
   c - Call Imp                       Summoning                    2
   d - Slow                           Hexes                        2
   e - Conjure Flame                  Conjuration/Fire             3
   f - Mephitic Cloud                 Conjuration/Poison/Air       3
Comestibles
 c - 5 bread rations
 p - 2 meat rations
 s - a chunk of flesh


   Skills:
 + Level 4.3 Fighting
 * Level 6.8 Long Blades
 + Level 3.1 Armour
 - Level 1.1 Dodging
 + Level 0.2 Shields
 - Level 1.7 Invocations


You had 4 spell levels left.
You didn't know any spells.

Dungeon Overview and Level Annotations

Branches:
Dungeon (4/15)
 Temple: D:4-7

Altars:
Elyvilon
Sif Muna

Annotations:
D:4 Dowan


Innate Abilities, Weirdness & Mutations

You reflexively headbutt those who attack you in melee.
You have a pair of horns on your head.


Message History

Dowan blinks!
You block Dowan's attack. x2
You block Dowan's attack.
You hit Dowan. You headbutt Dowan!
Dowan is moderately wounded.
Dowan hits you with a dagger.
* * * LOW HITPOINT WARNING * * *
Dowan hits you but does no damage.
You closely miss Dowan. You headbutt Dowan, but do no damage.
Dowan is moderately wounded.
Dowan hits you but does no damage.
Dowan casts a spell.
Dowan blinks!
Dowan gestures wildly while chanting.
Dowan blinks!
Dowan hits you with a dagger.
* * * LOW HITPOINT WARNING * * *
Dowan casts a spell at you. The shard of ice hits you!
Ouch! That really hurt!
You die...

..#........#
#...#...###.##.##.#
###..........
##..###.##..##.##.#
####.#.###..###........###.##.#
#.#.# #.....##...### #.##.#
..#.# ###..§.....####.##..
.##.# #...####.....(###.
#....###..##..# ##
#.e#....#.##..####
##@.####.#.......## #.§##
#.#####..... #..# #....##.#..#
#..# ###......... ###..####
#.........
#.......####.........
#....................
#.........##.........
#.........##.........


You could see Dowan.

Vanquished Creatures
  Duvessa (D:4)
  A scorpion (D:4)
  A hound (D:4)
  An ooze (D:1)
  3 worms (D:2)
  A dart slug (D:3)
  A leopard gecko (D:2)
  2 orcs (D:3)
  A ball python (D:2)
  2 giant cockroaches (D:2)
  7 goblins
  5 hobgoblins
  A jackal (D:3)
  2 quokkas
  5 bats
  4 frilled lizards
  9 kobolds
  A leopard gecko skeleton (D:4)
  8 rats
56 creatures vanquished.

Notes
Turn   | Place    | Note
-------+----------+-------------------------------------------
     0 | Abyss:1  | Eonwe the Minotaur Abyssal Knight began the quest for the Orb.
     0 | Abyss:1  | Reached XP level 1. HP: 19/19 MP: 1/1
     8 | Abyss:1  | Found a corrupted altar of Lugonu.
    46 | Abyss:1  | Noticed a ynoxinul
    52 | Abyss:1  | Noticed a quasit
    52 | Abyss:1  | Noticed an ancient zyme
    54 | Abyss:1  | Noticed a red very ugly thing
    57 | D:1      | Escaped the Abyss
   266 | D:1      | Reached skill level 3 in Long Blades
   387 | D:1      | Reached XP level 2. HP: 23/26 MP: 2/2
   995 | D:2      | Reached skill level 4 in Long Blades
  1023 | D:2      | Reached XP level 3. HP: 19/31 MP: 3/3
  1169 | D:2      | Reached ** piety under Lugonu
  1900 | D:3      | Reached skill level 5 in Long Blades
  2045 | D:3      | Reached XP level 4. HP: 25/39 MP: 4/4
  2715 | D:4      | Got a steaming large shield
  2725 | D:4      | Identified the +2 large shield of Xiges {Dex+4 Slay+2} (You found it on level 4 of the Dungeon)
  2749 | D:4      | Found a deep blue altar of Sif Muna.
  2753 | D:4      | Found a white marble altar of Elyvilon.
  2835 | D:4      | Reached skill level 6 in Long Blades
  2835 | D:4      | Reached XP level 5. HP: 31/46 MP: 5/5
  2991 | D:4      | Noticed Dowan
  2992 | D:4      | Noticed Duvessa
  3021 | D:4      | Killed Duvessa
  3025 | D:4      | Killed from afar by Dowan

Skill      XL: |  1  2  3  4  5 |
---------------+----------------+-----
Long Blades    | 3 4 5 6 |  6.8
Fighting       | 4 |  4.3
Armour         | 3 |  3.1
Dodging        | |  1.1
Shields        | |  0.2
Invocations    | |  1.7

Action                   |  1- 3 |  4- 6 || total
-------------------------+-------+-------++-------
Melee: Falchion          |   101 |    34 ||   135
       Headbutt          |    11 |    11 ||    22
  Use: Scroll            |     8 |     2 ||    10
       Potion            |     2 |     1 ||     3
  Eat: Chunk             |     3 |     3 ||     6
Armor: Leather armour    |    25 |     6 ||    31
Dodge: Dodged            |    67 |     7 ||    74
Block: Large shield      |       |    23 ||    23
       Rpst.: Falchion   |    17 |     1 ||    18
